 Dungeon Crawl Stone Soup version 0.32-a0-799-g95e1662365 (webtiles) character file.

Game seed: 8789438068589837329

6910 hikkokomori the Prestidigitator (level 11, 0/86 HPs)
             Began as a Coglin Hunter on Mar 21, 2024.
             Was an Initiate of Gozag.
             Slain by a troll (6 damage)
             ... on level 9 of the Dungeon.
             The game lasted 00:28:52 (10289 turns).

hikkokomori the Prestidigitator (Coglin Hunter)    Turns: 10289, Time: 00:28:53

Health: 0/86       AC: 12    Str: 12    XL:     11   Next: 7%
Magic:  15/15      EV: 11    Int: 11    God:    Gozag
Gold:   485        SH:  0    Dex: 19    Spells: 11/16 levels left

rFire   + . .        a - +2 sling {Marzanna}
rCold   . . .        d - +0 sling {Kenji}
rNeg    . . .        s - +3 ring mail "Omir" {rF+}
rPois   .            i - +0 helmet
rElec   .            A - +1 cloak
rCorr   .            (no gloves)
SInv    .            (no boots)
Will    .....        (amulet unavailable)
Stlth   ++           (ring unavailable)
HPRegen 0.34/turn    (ring unavailable)
MPRegen 0.14/turn    (no gizmo)

%: no passive effects
@: revved
A: off-hand wielding, slow wielding, warmup strikes, no jewellery
a: Invent Gizmo, Renounce Religion, Potion Petition, Call Merchant, Bribe Branch


You were on level 9 of the Dungeon.
You worshipped Gozag.
Gozag was aware of your devotion.
You visited 2 branches of the dungeon, and saw 10 of its levels.

You collected 1158 gold pieces.
You spent 182 gold pieces at shops.
You paid 491 gold pieces to Gozag.

Inventory:

Hand Weapons
 a - a +2 sling (weapon) {Marzanna}
 d - a +0 sling (offhand) {Kenji}
 f - a +0 dagger of flaming
 p - a +0 dagger of distortion
Missiles
 q - 6 javelins
 r - 7 curare-tipped darts
Armour
 c - a +0 leather armour
 g - a +0 plate armour
 i - a +0 helmet (worn)
 s - the +3 ring mail "Omir" (worn) {rF+}
   (You found it on level 3 of the Dungeon)

   rF+:       It protects you from fire.
 A - a +1 cloak (worn)
Wands
 e - a wand of warping (3)
 m - a wand of charming (7)
 D - a wand of mindburst (7)
 F - a wand of flame (14)
Scrolls
 b - a scroll of butterflies
 k - 2 scrolls of immolation
 u - a scroll of teleportation
 y - a scroll of poison {unknown}
 z - 2 scrolls of blinking
 B - a scroll of brand weapon {unknown}
 E - a scroll of fear {unknown}
Potions
 h - a potion of attraction {unknown}
 j - 2 potions of enlightenment
 l - 7 potions of curing
 n - a potion of heal wounds
 o - 2 potions of ambrosia
 t - a potion of magic
 v - a potion of haste
 w - a potion of degeneration
 x - a potion of might {unknown}
 C - a potion of mutation


   Skills:
 + Level 8.0 Fighting
 - Level 7.0 Ranged Weapons
 - Level 2.0 Throwing
 - Level 6.0 Armour
 + Level 4.0 Dodging
 - Level 3.2 Stealth
 - Level 3.1 Spellcasting
 + Level 1.2 Summonings
 - Level 4.0 Translocations
 + Level 1.1 Ice Magic
 + Level 9.6 Evocations


You had 11 spell levels left.
You knew the following spells:

 Your Spells              Type           Power      Damage    Failure   Level
a - Summon Ice Beast      Ice/Summ       4%         N/A       69%         3
b - Blink                 Tloc           20%        N/A       16%         2

Your spell library contained the following spells:

 Spells                   Type           Power      Damage    Failure   Level
 Lesser Beckoning         Tloc           20%        N/A       16%         2
 Momentum Strike          Conj/Tloc      12%        3d8       34%         2
 Scorch                   Fire           2%         2d5       63%         2
 Hailstorm                Conj/Ice       2%         3d5       77%         3
 Flame Wave               Conj/Fire      1%         2d4       99%         4
 Leda's Liquefaction      Alch/Erth      0%         N/A       99%         4
 Petrify                  Alch/Erth      1%         N/A       99%         4
 Metabolic Englaciation   Hex/Ice        1%         N/A       100%        5
 Permafrost Eruption      Ice/Erth       1%         2x4d2     100%        6
 Sculpt Simulacrum        Ice/Alch       1%         N/A       100%        6
 Summon Cactus Giant      Summ           2%         N/A       100%        6


Dungeon Overview and Level Annotations

Branches:
Dungeon (9/15)             Temple (1/1) D:6             Orc (0/2) D:9
   Lair: D:8-11

Altars:
Ashenzari
Cheibriados
Dithmenos
Elyvilon
Fedhas
Gozag
Hepliaklqana
Kikubaaqudgha
Makhleb
Nemelex Xobeh
Okawaru
Qazlal
Sif Muna
Trog
Uskayaw
Vehumet
Wu Jian
Xom
Yredelemnul
Zin
The Shining One

Shops:
D:3 :[!?   D:5 *   D:7 *   D:8 (

Annotations:
D:5 2 runed translucent doors, Patrick2011b's ghost, novice OnHW
D:6 2 transporters
D:8 Erica


Innate Abilities, Weirdness & Mutations

You can wield a second weapon in your off-hand.
It takes a long time for you to wield or remove held weapons.
Your first few attacks do less damage.
You cannot equip rings or amulets.


Message History

The troll is severely wounded.
You shoot a sling bullet.
The sling bullet barely misses the troll.
The troll bites you! The troll claws you but does no damage.
The troll claws you!
You shoot a sling bullet.
The sling bullet closely misses the troll.
You shoot a sling bullet.
The sling bullet barely misses the troll.
The troll bites you but does no damage. The troll closely misses you.
The troll claws you.
You shoot a sling bullet. The sling bullet hits the troll.
The troll is heavily wounded.
You shoot a sling bullet.
The sling bullet completely misses the troll.
The troll bites you. The troll barely misses you. The troll claws you!
You shoot a sling bullet.
The sling bullet closely misses the troll.
You shoot a sling bullet. The sling bullet hits the troll.
The troll is severely wounded.
The troll bites you but does no damage. The troll claws you. x2
* * * LOW HITPOINT WARNING * * *
You shoot a sling bullet. The sling bullet hits the troll.
The troll is severely wounded.
You shoot a sling bullet.
The sling bullet barely misses the troll.
The troll barely misses you. The troll completely misses you.
The troll claws you but does no damage. The troll bites you!
* * * LOW HITPOINT WARNING * * *
The troll claws you but does no damage. The troll claws you.
* * * LOW HITPOINT WARNING * * *
You shoot a sling bullet.
The sling bullet barely misses the troll.
You shoot a sling bullet. The sling bullet hits the troll!
The troll is almost dead.
The troll bites you.
* * * LOW HITPOINT WARNING * * *
The troll claws you.
You die...
Your body crumbles into a pile of gold.

#.....# #.[...#
###.....# #......
#.......# #......
#.......######......
##..................
#..................
#..................
#...........#######
#.@...####'##......
#.T...#............
##....#............
#....#............
#....#............
#....####..#####..
#..........#$?/#..
#..........#/$$#..
........#)(|#..


You could see a troll.

Vanquished Creatures
  Pikel (D:6)
  A hornet (D:7)
  Grinder (D:4)
  Sigmund (D:6)
  2 wraiths
  13 yaks
  2 humans (D:8)
  4 wyverns
  A steam dragon (D:8)
  3 orc warriors
  2 ogres
  An ice beast (D:7)
  3 centaurs
  2 lemures (D:6)
  2 phantoms (D:6)
  3 bullfrogs
  2 scorpions (D:5)
  3 howler monkeys (D:8)
  2 bombardier beetles (D:5)
  3 jellies
  5 orc priests
  Crazy Yiuf (D:3)
  A hound (D:6)
  2 iguanas
  Natasha (thrice) (D:3)
  6 orc wizards
  4 sleepcaps
  Robin (D:2)
  A gnoll (D:6)
  11 adders
  A white imp (D:3)
  3 ribbon worms
  34 orcs
  8 endoplasms
  2 giant cockroaches
  7 hobgoblins
  10 jackals
  6 quokkas
  10 ball pythons
  4 bats
  5 frilled lizards
  13 goblins
  8 kobolds
  A rat (D:3)
199 creatures vanquished.

Vanquished Creatures (collateral kills)
  A yak (D:9)
  2 killer bees (D:8)
  A gnoll bouda (D:6)
  2 gnolls (D:6)
  2 orcs
8 creatures vanquished.

Vanquished Creatures (others)
  A yak (D:9)
  A black bear (D:6)
  4 killer bees (D:8)
6 creatures vanquished.

Grand Total: 213 creatures vanquished

Notes
Turn   | Place    | Note
-------+----------+-------------------------------------------
     0 | D:1      | hikkokomori the Coglin Hunter began the quest for the Orb.
     0 | D:1      | Reached XP level 1. HP: 16/16 MP: 1/1
    90 | D:1      | Reached XP level 2. HP: 23/23 MP: 2/2
   640 | D:2      | Reached XP level 3. HP: 28/28 MP: 3/3
   807 | D:2      | Reached XP level 4. HP: 27/35 MP: 4/4
  1171 | D:2      | Noticed Robin
  1174 | D:2      | Killed Robin
  1310 | D:3      | Reached XP level 5. HP: 42/42 MP: 5/5
  1591 | D:3      | Found Ryisetz's Distillery.
  1594 | D:3      | Bought 2 potions of curing for 66 gold pieces
  1604 | D:3      | Found Vaarrab's Armour Emporium.
  1620 | D:3      | Reached skill level 5 in Ranged Weapons
  1809 | D:3      | Found a bloodstained altar of Trog.
  1889 | D:3      | Found a runed translucent door.
  1890 | D:3      | Noticed Crazy Yiuf
  1935 | D:3      | Identified the +3 ring mail "Omir" {rF+}
  1944 | D:3      | Learned a level 3 spell: Summon Ice Beast
  1999 | D:3      | Found Eletuffeusu's Book Shoppe.
  2239 | D:3      | Noticed Natasha
  2242 | D:3      | Killed Natasha
  2243 | D:3      | Reached XP level 6. HP: 49/49 MP: 6/6
  2317 | D:3      | Noticed Natasha
  2324 | D:3      | Killed Natasha
  2325 | D:3      | Reached skill level 1 in Evocations
  2328 | D:3      | Noticed Natasha
  2331 | D:3      | Killed Natasha
  2400 | D:3      | Found Xefiz's Magic Scroll Shop.
  2403 | D:3      | Bought a scroll of identify for 26 gold pieces
  2762 | D:4      | Noticed Grinder
  2777 | D:4      | Paralysed by Grinder for 2 turns
  2779 | D:4      | Killed Grinder
  2780 | D:4      | Reached skill level 1 in Armour
  2780 | D:4      | Reached skill level 2 in Evocations
  2780 | D:4      | Reached XP level 7. HP: 14/55 MP: 7/7
  2955 | D:4      | Found a blossoming altar of Fedhas.
  3053 | D:4      | Found a shimmering altar of Xom.
  3065 | D:4      | Found a shimmering altar of Xom.
  3075 | D:4      | Reached skill level 5 in Fighting
  3083 | D:4      | Reached skill level 3 in Evocations
  3197 | D:4      | Found a stormy altar of Qazlal.
  3199 | D:4      | Found an opulent altar of Gozag.
  3199 | D:4      | Found a burning altar of Makhleb.
  3331 | D:5      | Entered Level 5 of the Dungeon
  3607 | D:5      | Found a broken altar of Ashenzari.
  3619 | D:5      | Found a sparkling altar of Nemelex Xobeh.
  3707 | D:5      | Reached skill level 4 in Evocations
  3707 | D:5      | Reached XP level 8. HP: 54/63 MP: 8/8
  3962 | D:5      | Found a shimmering blue altar of Sif Muna.
  4007 | D:5      | Noticed a wyvern
  4020 | D:5      | Killed a wyvern
  4111 | D:5      | Found Fazieruw's Assorted Antiques.
  4184 | D:5      | Found a large runed translucent door.
  4220 | D:5      | Found a large runed translucent door.
  4223 | D:5      | Noticed Patrick2011b's ghost (novice OnHW)
  4263 | D:4      | Became a worshipper of Gozag Ym Sagoz the Greedy
  4559 | D:5      | Reached skill level 5 in Evocations
  4856 | D:6      | Found a transporter.
  4906 | D:6      | Noticed Sigmund
  4923 | D:6      | Killed Sigmund
  4924 | D:6      | Reached skill level 6 in Evocations
  4924 | D:6      | Reached XP level 9. HP: 58/71 MP: 9/9
  4927 | D:6      | Learned a level 2 spell: Blink
  5072 | D:6      | Found a staircase to the Ecumenical Temple.
  5149 | D:6      | Found a transporter.
  5149 | D:6      | Found a white marble altar of Elyvilon.
  5152 | D:6      | Noticed Pikel
  5167 | D:6      | Killed Pikel
  5168 | D:6      | Reached skill level 1 in Spellcasting
  5168 | D:6      | Reached skill level 1 in Translocations
  5257 | D:6      | Found an ancient bone altar of Kikubaaqudgha.
  5639 | D:7      | Found Biuref Boot's General Store.
  5644 | D:7      | Bought a scroll of blinking for 90 gold pieces
  5840 | D:7      | Noticed a hornet
  5845 | D:7      | Killed a hornet
  5846 | D:7      | Reached skill level 5 in Armour
  5846 | D:7      | Reached skill level 7 in Evocations
  6327 | D:8      | Reached skill level 1 in Throwing
  6472 | D:8      | Reached XP level 10. HP: 34/79 MP: 11/14
  6810 | D:8      | Found a hide-covered altar of Uskayaw.
  6841 | D:8      | Noticed Erica
  6905 | D:8      | Found an iron altar of Okawaru.
  7057 | D:8      | Reached skill level 8 in Evocations
  8052 | Temple   | Entered the Ecumenical Temple
  8251 | D:9      | Reached skill level 1 in Stealth
  8537 | D:9      | Found a staircase to the Orcish Mines.
  9195 | D:3      | Killed Crazy Yiuf
  9448 | D:7      | Reached skill level 9 in Evocations
 10029 | D:9      | Reached XP level 11. HP: 64/86 MP: 15/15
 10039 | D:9      | Reached skill level 1 in Summonings
 10202 | D:9      | Reached skill level 1 in Ice Magic
 10289 | D:9      | Slain by a troll

Illustrated notes

Levels and vault maps discovered:
D:1:      lightli_arrival_lavapool, layout_loops_ring
D:2:      layout_loops_ring, minmay_pentomino_w4, uniq_robin
D:3:      layout_loops_cross, trog_butcher_becter, serial_shops,
          nicolae_shop_peninsula, nicolae_shop_real_fake_doors,
          nicolae_shop_rolled_up, shop, uniq_natasha, uniq_crazy_yiuf_cottage
D:4:      layout_basic, kennysheep_mini, gammafunk_temple_overflow_forgotten,
          xom_redecorated, corexii_shack, uniq_grinder
D:5:      layout_basic, mainiacjoe_overflow_cross_hatched, lemuel_crystal_altar,
          lemuel_blue_sif_altar, ebering_ghost_disaster_area, serial_shops, shop
D:6:      layout_cave_pods, elyvilon_altar_4, mainiacjoe_overflow_24_doors,
          minmay_temple_entry_drinking_statues, uniq_sigmund, uniq_pikel
D:7:      layout_rooms, serial_shops, shop
D:8:      layout_layer_cave, mainiacjoe_overflow_small_starburst,
          okawaru_humans, grunt_decor_mini_mirrors, uniq_erica
D:9:      layout_irregular_city, orc_0_dummy, serial_glass, glass_columns_a,
          glass_columns_b, due_unseen_surprise, feat_on_display,
          feat_on_display, grunt_ministairs_12
Temple:   hellmonk_temple_beads

Skill      XL: |  1  2  3  4  5  6  7  8  9 10 11 |
---------------+----------------------------------+-----
Ranged Weapons | 4 5 6 7 |  7.0
Fighting       | 3 4 5 6 7 8 |  8.0
Evocations     | 2 4 6 7 9 |  9.6
Armour         | 1 2 4 5 6 |  6.0
Spellcasting   | 2 3 |  3.1
Translocations | 3 4 |  4.0
Throwing       | 1 2 |  2.0
Stealth        | 3 |  3.2
Dodging        | 3 4 |  4.0
Summonings     | 1 |  1.2
Ice Magic      | 1 |  1.1

Action                     |  1- 3 |  4- 6 |  7- 9 | 10-12 || total
---------------------------+-------+-------+-------+-------++-------
  Melee: Sling             |       |     8 |       |       ||     8
   Fire: Sling             |   140 |   258 |   608 |   516 ||  1522
  Throw: Dart              |       |     2 |     2 |       ||     4
   Cast: Blink             |       |       |     1 |     2 ||     3
 Invoke: Call Merchant     |       |       |       |     1 ||     1
  Evoke: Wand              |       |       |     9 |    18 ||    27
    Use: Potion            |       |     4 |       |     1 ||     5
         Scroll            |       |     7 |     1 |     7 ||    15
 Armour: Leather armour    |     5 |    38 |       |       ||    43
         Ring mail         |       |    11 |   137 |   199 ||   347
  Dodge: Dodged            |     9 |    24 |    63 |    93 ||   189

Table legend: (Time is in decaauts)
 A = Elapsed time spent in this place.
 B = Non-inter-level travel time spent in this place.
 C = Inter-level travel time spent in this place.
 D = Time resting spent in this place.
 E = Time spent auto-exploring this place.
 F = Levels seen in this place.
 G = Mean time per level.
                   A        B        C        D        E       F      G
               +--------+--------+--------+--------+--------+-----+--------+
         Total |  10504 |   9621 |    883 |    565 |   7299 |  10 | 1050.4 |
       Dungeon |  10502 |   9621 |    881 |    565 |   7299 |   9 | 1166.9 |
        Temple |      1 |      0 |      1 |      0 |      0 |   1 |    1.0 |
               +--------+--------+--------+--------+--------+-----+--------+

Top non-repeatable levels by time:
     D:8: 2039 daAuts
     D:5: 1365 daAuts
     D:7: 1327 daAuts
     D:3: 1275 daAuts
     D:6: 1047 daAuts
     D:9: 1025 daAuts
     D:2: 999 daAuts
     D:4: 843 daAuts
     D:1: 579 daAuts
  Temple: 1 daAuts
